 Dungeon Crawl Stone Soup version 0.22-a0-162-g33bf127 (webtiles) character file.

16051 KristoblXynda the Carver (level 12, -6/104 HPs)
             Began as a Red Draconian Gladiator on Feb 12, 2018.
             Was the Champion of Okawaru.
             Mangled by a skeletal warrior
             ... wielding a +1 hand axe of chopping
             ... led by a skeletal warrior
              (17 damage)
             ... on level 12 of the Dungeon.
             The game lasted 00:27:41 (15600 turns).

KristoblXynda the Carver (Red Draconian Gladiator) Turns: 15600, Time: 00:27:41

Health: -6/104     AC: 12    Str: 16    XL:     12   Next: 6%
Magic:  13/13      EV: 21    Int: 13    God:    Okawaru [******]
Gold:   642        SH:  4    Dex: 14    Spells: 11/11 levels left

rFire    + . .     SeeInvis +   K - +5 scimitar
rCold    . . .     Gourm    .   j - +0 buckler (curse)
rNeg     . . .     Faith    .   (armour unavailable)
rPois    .         Spirit   .   H - +2 hat {SInv}
rElec    .         Reflect  .   x - +1 cloak {MR+}
rCorr    +         Harm     .   (no gloves)
MR       +....                  (no boots)
Stlth    +.........             k - amulet of rage
HPRegen  0.27/turn              F - ring of resist corrosion
MPRegen  0.13/turn              y - +3 ring of evasion

@: about to teleport
A: breathe fire, unfitting armour, fire resistance 1, cold-blooded, AC +8
a: Breathe Fire, Heroism, Finesse, Renounce Religion, Evoke Berserk Rage


You were on level 12 of the Dungeon.
You worshipped Okawaru.
Okawaru was exalted by your worship.
You were not hungry.

You visited 2 branches of the dungeon, and saw 13 of its levels.
You also visited: Ossuary.

You collected 642 gold pieces.

Inventory:

Hand Weapons
 a - a +1 long sword of slicing
 K - a +5 scimitar (weapon)
Missiles
 c - 3 throwing nets (quivered)
 A - 2 javelins
 C - 5 silver javelins
Armour
 j - a cursed +0 buckler (worn)
 x - a +1 cloak of magic resistance (worn)
 H - a +2 hat of see invisible (worn)
Jewellery
 h - an uncursed ring of magical power
 k - an amulet of rage (around neck)
 w - an uncursed amulet of faith
 y - a +3 ring of evasion (right hand)
 F - a ring of resist corrosion (left hand)
 G - an uncursed ring of protection from cold
 J - an uncursed ring of stealth
Wands
 e - a wand of acid (18)
 v - a wand of iceblast (13)
 D - a wand of paralysis (9)
Scrolls
 g - 2 scrolls of fear
 p - 4 scrolls of teleportation
 q - a scroll of fog
 u - 6 scrolls of immolation
 E - 2 scrolls of remove curse
 L - 3 scrolls of identify
Potions
 f - 4 potions of flight
 i - a potion of brilliance
 l - 3 potions of haste
 m - 3 potions of cancellation
 n - 2 potions of mutation
 o - a potion of magic
 r - 3 potions of lignification
 t - a potion of resistance
 z - 3 potions of ambrosia
 B - 2 potions of might
Books
 b - a book of Cantrips

   Spells                             Type                      Level
   a - Confusing Touch                Hexes                        1
   b - Animate Skeleton               Necromancy                   1
   c - Summon Small Mammal            Summoning                    1
   d - Apportation                    Translocation                1
 s - a book of Necromancy

   Spells                             Type                      Level
   a - Pain                           Necromancy                   1
   b - Animate Skeleton               Necromancy                   1
   c - Vampiric Draining              Necromancy                   3
   d - Regeneration                   Charms/Necromancy            3
   e - Animate Dead                   Necromancy                   4
Comestibles
 d - 13 rations


   Skills:
 + Level 9.2 Fighting
 - Level 14.0 Long Blades
 - Level 2.0 Throwing
 + Level 10.0 Dodging
 + Level 2.3 Shields
 + Level 2.3 Evocations


You had 11 spell levels left.
You didn't know any spells.

Dungeon Overview and Level Annotations

Branches:
Dungeon (12/15)            Temple (1/1) D:5            Lair (0/6) D:9
    Orc (0/2) D:9

Altars:
Ashenzari
Cheibriados
Dithmenos
Elyvilon
Fedhas
Gozag
Hepliaklqana
Kikubaaqudgha
Makhleb
Nemelex Xobeh
Okawaru
Qazlal
Ru
Sif Muna
Trog
Uskayaw
Vehumet
Wu Jian
Xom
Yredelemnul
Zin
The Shining One


Innate Abilities, Weirdness & Mutations

You can breathe blasts of fire.
Your fiery red scales are hard. (AC +8)
You cannot fit into any form of body armour.
Your flesh is heat resistant. (rF+)
You are cold-blooded and may be slowed by cold attacks.


Message History

The skeletal warrior is severely damaged.
Evoke which item? (* to show all) (? for menu, Esc to quit)
Aiming: Corrosive Bolt
Press: ? - help, Shift-Dir - straight line, f - skeletal warrior
Aim: a skeletal warrior, wielding a hand axe of chopping (severely damaged)
The bolt of acid misses the skeletal warrior.
The skeletal warrior hits you with a hand axe of chopping.
* * * LOW HITPOINT WARNING * * *
x2 Evoke which item? (* to show all) (? for menu, Esc to quit)
Aiming: Corrosive Bolt
Press: ? - help, Shift-Dir - straight line, f/p - skeletal warrior
Aim: a skeletal warrior, wielding a hand axe of chopping (severely damaged)
The bolt of acid misses the skeletal warrior.
The skeletal warrior hits you with a hand axe of chopping!
* * * LOW HITPOINT WARNING * * *
x2
Okay, then.
As you read the scroll of teleportation, it crumbles to dust.
You feel strangely unstable.
The skeletal warrior hits you with a hand axe of chopping!
You die...

#..# ####.###
#.###### ##.#
#.## #..(#
#.# #..#
######'## #.#
######.##
#......(# #.#
#.......#
#.#####.# #.#
#.......# #.#
#.# #.......#
#.# #.#
#.......#####
.)+ #.#
#.....$@z.).#
### #.#
#.......###.#
#.# #.......#
!' #.#
####.####
#... #.# #.
##. #.# ##
##.# #.#
..... #.#
....## #.#
######+##
....##


You could see a skeletal warrior.

Vanquished Creatures
  Nessos (D:12)
  A centaur warrior (D:10)
  2 two-headed ogres
  3 skeletal warriors (D:12)
  An ugly thing (D:11)
  Joseph (D:8)
  A gargoyle (D:12)
  2 centaur skeletons
  The ghost of kegs the Skirmisher, an amateur HOFi (D:3)
  A hornet (D:12)
  A troll (D:8)
  6 hippogriffs
  15 yaks
  A wyvern (D:10)
  A steam dragon (D:11)
  2 hungry ghosts
  A water moccasin (D:11)
  A sky beast (D:9)
  A phantom (D:4)
  11 orc warriors
  3 ice beasts
  A necrophage (D:10)
  3 centaurs
  2 ogres
  A big kobold (D:10)
  2 bullfrogs
  8 killer bees
  4 scorpions
  7 wights
  6 electric eels (D:10)
  7 crimson imps
  4 bullfrog zombies
  2 hounds
  16 orc priests
  11 orc wizards
  Crazy Yiuf (D:7)
  4 jellies
  3 bullfrog skeletons
  5 iguanas
  9 worker ants
  A killer bee zombie (Ossuary)
  A hound zombie (Ossuary)
  A hound skeleton (D:6)
  14 mummies (Ossuary)
  3 worker ant zombies
  A howler monkey zombie (Ossuary)
  9 adders
  3 shadow imps
  8 oozes (D:2)
  6 adder zombies (Ossuary)
  An adder skeleton (D:8)
  8 leopard geckos
  40 orcs
  A ball python (D:3)
  8 bats
  6 giant cockroaches
  5 goblins
  8 hobgoblins
  10 jackals
  18 kobolds
  4 quokkas
  A ball python zombie (Ossuary)
  7 frilled lizards
  A jackal skeleton (D:4)
  A leopard gecko skeleton (D:9)
  A quokka zombie (Ossuary)
  4 rats
  2 fungi (D:2)
  A plant (D:10)
327 creatures vanquished.

Vanquished Creatures (others)
  The ghost of kegs the Skirmisher, a novice HOFi (D:5)
  5 toadstools (D:2)
  2 withered plants (Ossuary)
8 creatures vanquished.

Grand Total: 335 creatures vanquished

Notes
Turn   | Place    | Note
-------+----------+-------------------------------------------
     0 | D:1      | KristoblXynda the Draconian Gladiator began the quest for the Orb.
     0 | D:1      | Reached XP level 1. HP: 17/17 MP: 1/1
   259 | D:1      | Reached XP level 2. HP: 24/24 MP: 2/2
   857 | D:1      | Reached XP level 3. HP: 29/29 MP: 3/3
  1046 | D:2      | Reached skill level 4 in Long Blades
  1277 | D:2      | Reached XP level 4. HP: 27/36 MP: 4/4
  1376 | D:2      | Found an iron altar of Okawaru.
  1395 | D:2      | Became a worshipper of Warmaster Okawaru
  1418 | D:2      | Found a shadowy altar of Dithmenos.
  1498 | D:2      | Noticed an ice beast
  1505 | D:2      | Killed an ice beast
  1505 | D:2      | Reached skill level 5 in Long Blades
  1505 | D:2      | Reached XP level 5. HP: 10/41 MP: 5/5
  2287 | D:3      | Noticed kegs's ghost (amateur HOFi)
  2317 | D:3      | Killed kegs's ghost
  2317 | D:3      | Reached * piety under Okawaru
  2317 | D:3      | Reached ** piety under Okawaru
  2317 | D:3      | Reached skill level 6 in Long Blades
  2317 | D:3      | Reached XP level 6. HP: 26/48 MP: 6/6
  3272 | D:3      | Your scales start taking on a fiery red colour.
  3272 | D:3      | Reached XP level 7. HP: 55/55 MP: 7/7
  3272 | D:3      | Gained mutation: Your flesh is heat resistant. (rF+) [Red Draconian growth]
  4065 | D:4      | Reached skill level 7 in Long Blades
  4065 | D:4      | Reached skill level 5 in Dodging
  4212 | D:4      | Found a bloodstained altar of Trog.
  4390 | D:5      | Entered Level 5 of the Dungeon
  4404 | D:5      | Killed kegs's ghost
  4432 | D:5      | Found a basalt altar of Yredelemnul.
  5069 | D:5      | Found a stormy altar of Qazlal.
  5248 | D:5      | Found a staircase to the Ecumenical Temple.
  5511 | Temple   | Entered the Ecumenical Temple
  5987 | D:6      | Reached skill level 8 in Long Blades
  6084 | D:6      | Reached XP level 8. HP: 55/61 MP: 8/8
  6768 | D:6      | Reached *** piety under Okawaru
  7212 | D:7      | Reached skill level 9 in Long Blades
  7233 | D:7      | Found a shimmering altar of Xom.
  7234 | D:7      | Found a radiant altar of Vehumet.
  7237 | D:7      | Found an iron altar of Okawaru.
  7241 | D:7      | Found a deep blue altar of Sif Muna.
  7377 | D:7      | HP: 1/61 [orc wizard/puff of flame (3)]
  7967 | D:7      | Found a runed door.
  8071 | D:7      | Noticed Crazy Yiuf
  8074 | D:7      | Killed Crazy Yiuf
  8302 | D:8      | Found a sand-covered staircase.
  8314 | D:8      | Reached **** piety under Okawaru
  8318 | D:8      | Received a gift from Okawaru
  8318 | D:8      | Reached skill level 10 in Long Blades
  8318 | D:8      | Reached XP level 9. HP: 48/68 MP: 9/9
  8324 | D:8      | Noticed a troll
  8338 | D:8      | Killed a troll
  8358 | Ossuary  | Entered an ossuary
  9101 | D:8      | Found a hazy altar of Hepliaklqana.
  9101 | D:8      | Found an ancient bone altar of Kikubaaqudgha.
  9249 | D:8      | Received a gift from Okawaru
  9404 | D:8      | Reached skill level 11 in Long Blades
  9411 | D:8      | Reached ***** piety under Okawaru
  9562 | D:8      | Noticed Joseph
  9586 | D:8      | Killed Joseph
  9708 | D:8      | Reached skill level 5 in Fighting
 10110 | D:9      | Found a staircase to the Lair.
 10150 | D:9      | Reached XP level 10. HP: 51/81 MP: 10/10
 10301 | D:9      | Paralysed by an orc for 3 turns
 10552 | D:9      | HP: 3/81 [orc warrior/battleaxe (15)]
 10949 | D:9      | Found a staircase to the Orcish Mines.
 11153 | D:10     | Entered Level 10 of the Dungeon
 11159 | D:10     | Noticed a two-headed ogre
 11166 | D:10     | Killed a two-headed ogre
 11166 | D:10     | Reached skill level 12 in Long Blades
 12148 | D:10     | Reached ****** piety under Okawaru
 12610 | D:10     | Noticed a centaur warrior
 12620 | D:10     | Killed a centaur warrior
 12620 | D:10     | Received a gift from Okawaru
 12620 | D:10     | Reached XP level 11. HP: 43/92 MP: 11/11
 12905 | D:10     | Reached skill level 13 in Long Blades
 13671 | D:11     | Noticed a two-headed ogre
 13678 | D:11     | Killed a two-headed ogre
 13894 | D:11     | Noticed a purple ugly thing
 13900 | D:11     | Killed a purple ugly thing
 15034 | D:12     | Noticed a skeletal warrior
 15034 | D:12     | Noticed a skeletal warrior
 15034 | D:12     | Noticed a skeletal warrior
 15034 | D:12     | Noticed a skeletal warrior
 15054 | D:12     | Killed a skeletal warrior
 15054 | D:12     | Received a gift from Okawaru
 15094 | D:12     | Reached skill level 14 in Long Blades
 15224 | D:12     | Reached skill level 1 in Shields
 15224 | D:12     | Reached skill level 1 in Evocations
 15243 | D:12     | Noticed Nessos
 15260 | D:12     | Killed Nessos
 15577 | D:12     | Killed a skeletal warrior
 15577 | D:12     | Reached skill level 10 in Dodging
 15577 | D:12     | Reached XP level 12. HP: 74/104 MP: 13/13
 15600 | D:12     | Mangled by a skeletal warrior

Vault maps used:
D:1:      shiori_arrival_whats_in_store_for_you
D:2:      cheibrodos_fertilizer, grunt_dithmenos_smoke, okawaru_trees_2
D:3:      minmay_crystal_room
D:4:      lightli_temple_of_fire
D:5:      nicolae_qazlal_eye_of_the_storm, yredelemnul_altar_generic,
          minmay_temple_entry_enclosed_plants, first_ration
D:6:      minivault_27, feat_on_display
D:7:      grunt_temple_overflow_open, uniq_crazy_yiuf_cottage
D:8:      chequers_temple_overflow_statue_of_worship,
          nicolae_ossuary_entry_ruins, uniq_joseph
D:9:      lair_entry_dummy, david_orc_4
D:10:     cheibrodos_two_vegetables, blue_anna_alchemist
D:11:     serial_bayou_pond_e
D:12:     fedhas_altar_decomposition, uniq_nessos
Temple:   hc_temple_tempest_star
Ossuary:  ossuary_zaba_flooded

Skill      XL: |  1  2  3  4  5  6  7  8  9 10 11 |
---------------+----------------------------------+-----
Throwing       | 2 |  2.0
Dodging        | 3 4 5 6 7 8 10 | 10.0
Long Blades    | 4 5 6 8 10 11 12 14 | 14.0
Fighting       | 5 7 9 |  9.2
Shields        | 2 |  2.3
Evocations     | 2 |  2.3

Action                   |  1- 3 |  4- 6 |  7- 9 | 10-12 || total
-------------------------+-------+-------+-------+-------++-------
Melee: Long sword        |   120 |   117 |   503 |   335 ||  1075
       Tailslap          |    12 |    20 |   106 |    86 ||   224
       Scimitar          |       |       |       |   121 ||   121
 Abil: Breathe Fire      |       |       |    15 |    12 ||    27
Evoke: Wand              |       |       |       |    20 ||    20
  Use: Potion            |       |     7 |     2 |     2 ||    11
       Scroll            |       |     4 |    14 |    13 ||    31
 Stab: Sleeping          |     2 |     2 |     2 |     1 ||     7
       Paralysed         |       |       |       |     3 ||     3
  Eat: Chunk             |     1 |     2 |     9 |    13 ||    25
       Ration            |       |     1 |     5 |     4 ||    10
Armor: Skin              |    35 |    27 |   124 |    81 ||   267
Dodge: Dodged            |   104 |    87 |   328 |   380 ||   899
Block: Buckler           |       |       |       |     5 ||     5
       Rpst.: Long sword |    33 |    27 |   102 |    76 ||   238
       Scimitar          |       |       |       |    33 ||    33

Table legend:
 A = Spawn XP
 B = Non-spawn XP
 C = Spawn XP percentage of total XP
 D = Spawn monster count
 E = Non-spawn monster count
 F = Spawn count percentage of total count
 G = Total turns spent on level
                    A         B        C        D         E        F      G
               +---------+---------+-------+---------+---------+-------+---------
         Total |       0 |   22930 |   0.0 |       0 |     324 |   0.0 | 15600
               +---------+---------+-------+---------+---------+-------+---------
           D:1 |       0 |      44 |   0.0 |       0 |      25 |   0.0 |   974
           D:2 |       0 |     325 |   0.0 |       0 |      45 |   0.0 |  1272
           D:3 |       0 |     367 |   0.0 |       0 |      13 |   0.0 |  1112
           D:4 |       0 |     255 |   0.0 |       0 |      11 |   0.0 |  1032
           D:5 |       0 |     220 |   0.0 |       0 |       9 |   0.0 |  1193
           D:6 |       0 |     745 |   0.0 |       0 |      21 |   0.0 |  1453
           D:7 |       0 |     661 |   0.0 |       0 |      13 |   0.0 |   798
           D:8 |       0 |    2163 |   0.0 |       0 |      30 |   0.0 |  1023
           D:9 |       0 |    2006 |   0.0 |       0 |      38 |   0.0 |  1656
          D:10 |       0 |    4663 |   0.0 |       0 |      35 |   0.0 |  1601
          D:11 |       0 |    6033 |   0.0 |       0 |      45 |   0.0 |  1758
          D:12 |       0 |    4884 |   0.0 |       0 |       9 |   0.0 |   652
       Ossuary |       0 |     564 |   0.0 |       0 |      30 |   0.0 |   694
               +---------+---------+-------+---------+---------+-------+---------
